[Event "ICC tourney 3381 (40 10)"]
[Site "Internet Chess Club"]
[Date "2024.02.10"]
[Round "4"]
[White "Gruber, Justin:jgrub828"]
[Black "Ryerson, Olivia:oliviaryerson"]
[Result "0-1"]
[ICCResult "White checkmated"]
[WhiteElo "1421"]
[BlackElo "1397"]
[Opening "Sicilian: O'Kelly variation"]
[ECO "B28"]
[NIC "SI.43"]
[Time "17:45:23"]
[PlyCount "106"]
[TimeControl "2400+10"]

1. e4 c5 2. Nf3 a6 3. d4 cxd4 4. Nxd4 Nf6 5. Nc3 e5 6. Nf3 Bb4 7. Bd2 d6 8.
Bd3 Bg4 9. a3 Bc5 10. O-O Nc6 11. Bg5 h6 12. Bh4 Nd4 13. Be2 Nxe2+ 14. Qxe2
O-O 15. Nd5 g5 16. Bg3 Nxd5 17. exd5 Qf6 18. Qe4 Bxf3 19. Qxf3 Qxf3 20. gxf3
f5 21. h4 f4 22. Bh2 gxh4 23. c4 Kh7 24. b4 Bd4 25. Ra2 Rac8 26. Rc2 b5 27.
Rfc1 bxc4 28. Rxc4 Rxc4 29. Rxc4 Rb8 30. Rc6 Rb6 31. Rc7+ Kg6 32. Kg2 Bb2
33. a4 Rxb4 34. Rc6 Rxa4 35. Rxd6+ Kh5 36. Rc6 Rd4 37. Rc5 Ba3 38. Ra5 Bb4
39. Rxa6 Rxd5 40. Re6 Bc3 41. Re8 Rd6 42. Kf1 h3 43. Re7 Rd1+ 44. Ke2 Rh1
45. Bxf4 exf4 46. Kd3 h2 47. Kxc3 Rc1+ 48. Kd4 h1=Q 49. Re5+ Kg6 50. Re6+
Kf5 51. Re5+ Kf6 52. Rb5 Qd1+ 53. Ke4 Rc4# {White checkmated} 0-1

[Event "ICC tourney 3381 (40 10)"]
[Site "Internet Chess Club"]
[Date "2024.02.10"]
[Round "4"]
[White "WESLEY, GEORGE:Maglars"]
[Black "Jeyakumar, Krish:krishjeyakumar"]
[Result "1-0"]
[ICCResult "Black resigns"]
[WhiteElo "1026"]
[BlackElo "1166"]
[Opening "English: Carls' Bremen system"]
[ECO "A22"]
[NIC "EO.10"]
[Time "17:46:48"]
[PlyCount "65"]
[TimeControl "2400+10"]

1. c4 e5 2. Nc3 Nf6 3. g3 Bc5 4. e3 O-O 5. Bg2 Nc6 6. Nge2 Re8 7. O-O d6 8.
Re1 Be6 9. d4 exd4 10. exd4 Bb4 11. d5 Bg4 12. dxc6 Bxc3 13. bxc3 b6 14. Be3
Qc8 15. Qc2 Bh3 16. Bf3 Ng4 17. Bd4 Ne5 18. Be4 f5 19. Bd5+ Kh8 20. Nf4 Bg4
21. Re3 g5 22. Ng2 h6 23. f4 Kh7 24. fxe5 dxe5 25. Rxe5 Rxe5 26. Bxe5 Qe8
27. Re1 Qh5 28. Ne3 Bh3 29. Nxf5 Qg6 30. Ne3 Rf8 31. Qxg6+ Kxg6 32. Be4+ Kf7
33. Bg2 {Black resigns} 1-0

[Event "ICC tourney 3381 (40 10)"]
[Site "Internet Chess Club"]
[Date "2024.02.10"]
[Round "4"]
[White "Romanyuk, Nikita:NikitaR"]
[Black "ASKEW, GEORGE:BlueStorm"]
[Result "1/2-1/2"]
[ICCResult "Game drawn by mutual agreement"]
[WhiteElo "1152"]
[BlackElo "1211"]
[Opening "Caro-Kann: two knights variation"]
[ECO "B10"]
[NIC "CK.01"]
[Time "17:45:20"]
[PlyCount "100"]
[TimeControl "2400+10"]

1. e4 c6 2. Nf3 d5 3. Nc3 dxe4 4. Nxe4 Bf5 5. Nc3 e6 6. d4 Nd7 7. h3 Be7 8.
Bd3 Bxd3 9. Qxd3 Ngf6 10. Ne4 Nxe4 11. Qxe4 Nf6 12. Qd3 O-O 13. Bg5 h6 14.
Bh4 Qb6 15. b3 Bb4+ 16. c3 Be7 17. Ne5 Rfd8 18. b4 Nd5 19. Bxe7 Nxe7 20. O-O
Nd5 21. g3 a6 22. a3 Qc7 23. f4 f6 24. Nf3 b6 25. Kf2 b5 26. a4 Nb6 27. a5
Na4 28. Qc2 Qd7 29. Rad1 Qd5 30. Rfe1 Kf7 31. Rd3 Qf5 32. Kg2 Rd7 33. Rd2
Qxc2 34. Rxc2 g5 35. fxg5 hxg5 36. Rf1 Kg6 37. g4 Re8 38. Re1 Rde7 39. Nd2
e5 40. dxe5 Rxe5 41. Rxe5 Rxe5 42. Nf3 Re3 43. Nd4 Rxc3 44. Rxc3 Nxc3 45.
Nxc6 Nd5 46. Kf3 f5 47. gxf5+ Kxf5 48. Nd4+ Kg6 49. Nc6 Kh5 50. Kg3 Kg6
{Game drawn by mutual agreement}
1/2-1/2

[Event "ICC tourney 3381 (40 10)"]
[Site "Internet Chess Club"]
[Date "2024.02.10"]
[Round "4"]
[White "Jackson, Daniel:paparruchas"]
[Black "Bunting, William J:Wjbunting"]
[Result "0-1"]
[ICCResult "White resigns"]
[WhiteElo "612"]
[BlackElo "1396"]
[Opening "Bird's opening"]
[ECO "A02"]
[NIC "VO.07"]
[Time "17:45:32"]
[PlyCount "88"]
[TimeControl "2400+10"]

1. f4 e6 2. Nf3 b6 3. e3 Bb7 4. b3 Nf6 5. Bb2 Be7 6. c4 O-O 7. Be2 d5 8. O-O
Na6 9. a3 Nc5 10. b4 Nce4 11. d3 Nd6 12. Ne5 Nf5 13. Rf3 dxc4 14. Nxc4 Bxf3
15. Bxf3 Rb8 16. Ne5 Nxe3 17. Qc1 Neg4 18. Nc6 Qxd3 19. Nxb8 Rxb8 20. Qd2
Rd8 21. Qxd3 Rxd3 22. Nc3 c5 23. h3 Ne3 24. Kf2 Nc4 25. Be2 Rd2 26. Bc1 Rc2
27. Nb5 a6 28. Nc7 a5 29. Kf3 Rc3+ 30. Kf2 cxb4 31. Bxc4 Rxc4 32. Na8 Bc5+
33. Be3 Rxf4+ 34. Ke2 Re4 35. axb4 Bxe3 36. Rd1 h6 37. Kf3 a4 38. g4 a3 39.
Ra1 Bd2 40. Rxa3 Bxb4 41. Rb3 b5 42. h4 Rxg4 43. Nc7 Rxh4 44. Nxb5 Rh3+
{White resigns}
0-1

[Event "ICC tourney 3381 (40 10)"]
[Site "Internet Chess Club"]
[Date "2024.02.10"]
[Round "5"]
[White "KINKUS, SAM E:Grandslam34"]
[Black "BAI, JEFFREY:Jeffchess"]
[Result "0-1"]
[ICCResult "White resigns"]
[WhiteElo "956"]
[BlackElo "1274"]
[Opening "King's pawn opening"]
[ECO "B07"]
[NIC "VO.17"]
[Time "20:00:25"]
[PlyCount "34"]
[TimeControl "2400+10"]

1. e4 d6 2. Nf3 Nf6 3. d3 Nbd7 4. g3 e5 5. Bg2 h6 6. Nbd2 Be7 7. c3 Nc5 8.
Qe2 h5 9. b4 Na4 10. Qd1 Nxc3 11. Qc2 Nb5 12. a4 Nd4 13. Nxd4 exd4 14. Nf3
c5 15. Bg5 Nxe4 16. Bxe7 Qxe7 17. bxc5 Nxg3+ {White resigns} 0-1

[Event "ICC tourney 3381 (40 10)"]
[Site "Internet Chess Club"]
[Date "2024.02.10"]
[Round "5"]
[White "JULKIPLI, Azim AHMAD:Azimahmad"]
[Black "SANGAL LOPEZ, DEV:devsl"]
[Result "0-1"]
[ICCResult "White checkmated"]
[WhiteElo "1207"]
[BlackElo "1199"]
[Opening "Giuoco Piano"]
[ECO "C50"]
[NIC "IG.02"]
[Time "20:00:13"]
[PlyCount "76"]
[TimeControl "2400+10"]

1. e4 e5 2. Nf3 Nc6 3. Bc4 Bc5 4. O-O Nf6 5. d4 Bxd4 6. Nxd4 Nxd4 7. f4 d6
8. fxe5 dxe5 9. Bg5 Be6 10. Bb3 Qe7 11. Nc3 O-O-O 12. Nd5 Bxd5 13. Bxd5 c6
14. Bxf6 gxf6 15. Bc4 Qc5 16. Bd3 Nxc2+ 17. Kh1 Nxa1 18. Qxa1 Rxd3 19. Qb1
Rhd8 20. b4 Qd4 21. h3 Rd1 22. Rxd1 Qxd1+ 23. Qxd1 Rxd1+ 24. Kh2 Rd4 25. Kg3
Kd7 26. Kf3 Rxb4 27. g4 Ke6 28. a3 Rb3+ 29. Ke2 Rxa3 30. Kd2 b5 31. Kc2 c5
32. Kb2 b4 33. Kc2 Rxh3 34. Kd2 b3 35. Kc1 c4 36. Kb2 c3+ 37. Kc1 Rh2 38.
Kb1 Rh1# {White checkmated} 0-1

[Event "ICC tourney 3381 (40 10)"]
[Site "Internet Chess Club"]
[Date "2024.02.10"]
[Round "5"]
[White "Ryerson, Olivia:oliviaryerson"]
[Black "ANGELCHIK, JACOB:t105mm"]
[Result "0-1"]
[ICCResult "White checkmated"]
[WhiteElo "1397"]
[BlackElo "1230"]
[Opening "Queen's pawn: London system"]
[ECO "A45"]
[NIC "QP.07"]
[Time "20:00:25"]
[PlyCount "106"]
[TimeControl "2400+10"]

1. d4 Nf6 2. Bf4 d6 3. e3 Bf5 4. Nd2 Nc6 5. Ngf3 Nb4 6. Bb5+ c6 7. Ba4 b5 8.
Bb3 a5 9. a3 Nbd5 10. Bg3 a4 11. Bxd5 cxd5 12. c3 Rc8 13. Qe2 Qb6 14. O-O
Bg4 15. h3 Bh5 16. Qd3 e6 17. Bh4 Be7 18. Bxf6 Bxf6 19. Qe2 e5 20. e4 O-O
21. exd5 exd4 22. cxd4 Bxd4 23. Rab1 Rfe8 24. Qd3 Bxf2+ 25. Rxf2 Bg6 26. Qd4
Qxd4 27. Nxd4 Bxb1 28. Nxb1 Re1+ 29. Rf1 Rxf1+ 30. Kxf1 Rc1+ 31. Ke2 Rxb1
32. Kd3 Rxb2 33. Kc3 Rxg2 34. Nxb5 Rg3+ 35. Kb4 Rxh3 36. Nxd6 Rh4+ 37. Kc5
g5 38. Nf5 Rf4 39. d6 Rxf5+ 40. Kc6 Rf6 41. Kc7 Rxd6 42. Kxd6 g4 43. Kc5 g3
44. Kb4 g2 45. Kxa4 g1=Q 46. Kb5 Qa7 47. a4 h5 48. a5 h4 49. a6 h3 50. Ka5
h2 51. Kb5 h1=Q 52. Ka5 Qb1 53. Ka4 Qxa6# {White checkmated} 0-1

[Event "ICC tourney 3381 (40 10)"]
[Site "Internet Chess Club"]
[Date "2024.02.10"]
[Round "5"]
[White "Jeyakumar, Krish:krishjeyakumar"]
[Black "Gruber, Justin:jgrub828"]
[Result "0-1"]
[ICCResult "White checkmated"]
[WhiteElo "1166"]
[BlackElo "1421"]
[Opening "Scotch gambit"]
[ECO "C44"]
[NIC "SO.06"]
[Time "20:00:10"]
[PlyCount "138"]
[TimeControl "2400+10"]

1. e4 e5 2. Nf3 Nc6 3. d4 exd4 4. Bc4 h6 5. O-O d6 6. Nxd4 Be7 7. Nc3 Nxd4
8. Qxd4 Nf6 9. Qd3 O-O 10. Bf4 b6 11. Nd5 Bb7 12. Rfe1 Nxd5 13. exd5 Bf6 14.
c3 a6 15. a4 Qd7 16. Qg3 Qf5 17. Bxh6 Bxd5 18. Bd3 Qh5 19. Bf4 Rfe8 20.
Rxe8+ Rxe8 21. Bxa6 Bc6 22. Bd3 Qd5 23. h3 Bh4 24. Qg4 Bxf2+ 25. Kxf2 Qxd3
26. Rd1 Qe4 27. Qf3 Qc2+ 28. Rd2 Qxd2+ 29. Bxd2 Bxf3 30. gxf3 g6 31. f4 f5
32. h4 Kf7 33. Kf3 c6 34. b3 c5 35. c4 Rd8 36. Bc3 d5 37. cxd5 Rxd5 38. Ke3
Rd1 39. b4 cxb4 40. Bxb4 Ra1 41. a5 Rxa5 42. Bxa5 bxa5 43. Kd4 Ke6 44. Kc5
a4 45. Kb4 Kd5 46. Kxa4 Ke4 47. Kb4 Kxf4 48. Kc4 Kg4 49. Kd3 Kxh4 50. Ke3 g5
51. Kf3 g4+ 52. Kg2 f4 53. Kh2 g3+ 54. Kg2 Kg4 55. Kf1 f3 56. Kg1 Kh3 57.
Kf1 Kh2 58. Ke1 f2+ 59. Kf1 g2+ 60. Kxf2 g1=Q+ 61. Ke2 Qg3 62. Kf1 Kh3 63.
Ke2 Kg4 64. Kf1 Qh2 65. Ke1 Kf3 66. Kd1 Ke3 67. Kc1 Kd3 68. Kb1 Qg2 69. Kc1
Qc2# {White checkmated} 0-1

[Event "ICC tourney 3381 (40 10)"]
[Site "Internet Chess Club"]
[Date "2024.02.10"]
[Round "5"]
[White "ASKEW, GEORGE:BlueStorm"]
[Black "Jackson, Daniel:paparruchas"]
[Result "1-0"]
[ICCResult "Black resigns"]
[WhiteElo "1211"]
[BlackElo "612"]
[Opening "Queen's pawn"]
[ECO "A40"]
[NIC "QO.17"]
[Time "20:00:16"]
[PlyCount "61"]
[TimeControl "2400+10"]

1. d4 e6 2. Bf4 d5 3. e3 c5 4. c3 Nc6 5. Nf3 Qb6 6. Qb3 Qxb3 7. axb3 cxd4 8.
Nxd4 Nxd4 9. exd4 Nf6 10. Nd2 Bd7 11. c4 Bb4 12. Bd3 O-O 13. O-O a5 14. Nf3
h6 15. Ne5 Be8 16. c5 g5 17. Be3 Kg7 18. f4 gxf4 19. Bxf4 Bd7 20. Bxh6+ Kg8
21. Rxf6 Be8 22. Bxf8 Kxf8 23. Raf1 Ke7 24. Nxf7 Kd7 25. Bb5+ Kc7 26. Bxe8
Rxe8 27. Nd6 Ra8 28. Rf7+ Kc6 29. Rxb7 Bd2 30. Rff7 Be3+ 31. Kf1 {Black
resigns} 1-0

[Event "ICC tourney 3381 (40 10)"]
[Site "Internet Chess Club"]
[Date "2024.02.10"]
[Round "5"]
[White "Jackson, Leo Daniel Olivera:ibizajacko"]
[Black "Bunting, William J:Wjbunting"]
[Result "1-0"]
[ICCResult "Black resigns"]
[WhiteElo "1404"]
[BlackElo "1396"]
[Opening "Bird's opening"]
[ECO "A02"]
[NIC "VO.07"]
[Time "20:00:15"]
[PlyCount "79"]
[TimeControl "2400+10"]

1. f4 e6 2. Nf3 b6 3. e3 Bb7 4. b3 Nf6 5. Bb2 Be7 6. Be2 O-O 7. O-O d5 8.
Qe1 c5 9. d3 Nbd7 10. Nbd2 Rc8 11. Bd1 Re8 12. Qf2 Ng4 13. Qg3 Ndf6 14. Ng5
h6 15. Nxe6 fxe6 16. Bxg4 Nxg4 17. Qxg4 Bf6 18. Bxf6 Qxf6 19. Nf3 d4 20. e4
Rf8 21. Ne5 Bc6 22. Rf3 Be8 23. Raf1 h5 24. Qh3 Qh6 25. f5 exf5 26. Rxf5
Rxf5 27. Qxf5 Qf6 28. Qxc8 Qxe5 29. Rf5 Qe7 30. g3 Kh7 31. Qb8 Bd7 32. Qe5
Qxe5 33. Rxe5 Bg4 34. Kf2 Bd1 35. Ke1 Bxc2 36. Kd2 Bb1 37. a3 g6 38. Re7+
Kh6 39. Rf7 Kg5 40. Rf1 {Black resigns} 1-0